 Dungeon Crawl Stone Soup version 0.27.0-1-g7a089689b8 (webtiles) character file.

Game seed: 3237043967483776861

30 gimp the Sneak (level 3, 0/20 HPs)
             Began as a Deep Elf Brigand on Aug 8, 2021.
             Slain by an adder (2 damage)
             ... on level 2 of the Dungeon.
             The game lasted 00:01:50 (690 turns).

gimp the Sneak (Deep Elf Brigand)                    Turns: 690, Time: 00:01:50

Health: 0/20       AC:  3    Str:  8    XL:     3   Next: 5%
Magic:  5/5        EV: 12    Int: 22    God:
Gold:   62         SH:  0    Dex: 16    Spells: 2/2 levels left

rFire    . . .     SeeInvis .   a - +2 dagger
rCold    . . .     Faith    .   (no shield)
rNeg     . . .     Spirit   .   b - +0 robe
rPois    .         Reflect  .   (no helmet)
rElec    .         Harm     .   c - +0 cloak
rCorr    .         Rampage  .   (no gloves)
Will     .....                  (no boots)
Stlth    +++.......             (no amulet)
HPRegen  0.06/turn              f - +6 ring of intelligence
MPRegen  0.09/turn              (no ring)

@: lethally poisoned (0 -> -4), hasted, very quick
A: no striking features
a: no special abilities


You were on level 2 of the Dungeon.
You visited 1 branch of the dungeon, and saw 2 of its levels.

You collected 62 gold pieces.

Inventory:

Hand Weapons
 a - a +2 dagger (weapon)
Missiles
 d - 8 poisoned darts (quivered)
 e - 2 curare-tipped darts
Armour
 b - a +0 robe (worn)
 c - a +0 cloak (worn)
Jewellery
 f - a +6 ring of intelligence (left hand)
Scrolls
 g - a scroll of identify {unknown}
 i - a scroll of enchant weapon {unknown}


   Skills:
 - Level 1.5 Fighting
 - Level 2.0 Short Blades
 + Level 3.5 Throwing
 - Level 1.2 Dodging
 - Level 4.8 Stealth


You had 2 spell levels left.
You didn't know any spells.
Your spell library was empty.

Dungeon Overview and Level Annotations

Branches:
Dungeon (2/15)

Altars:


Message History

An adder comes into view.
You feel clever.
f - a +6 ring of intelligence (left hand)
You see here a fizzy inky potion.
j - a fizzy inky potion The adder bites you but does no damage.
You hit the adder.
The adder is lightly wounded.
The adder bites you.
You are poisoned.
The adder poisons you!
You take 1 damage, and have 19/20 hp.
You hit the adder.
The adder is moderately wounded.
You feel sick. The adder misses you. The adder closely misses you.
You take 2 damage, and have 17/20 hp.
You hit the adder.
The adder is moderately wounded.
You feel sick. The adder barely misses you.
You take 1 damage, and have 16/20 hp.
You hit the adder.
The adder is heavily wounded.
You feel sick. The adder bites you.
You are more poisoned.
The adder poisons you!
You take 5 damage, and have 11/20 hp.
MASSIVE DAMAGE!!
You miss the adder.
The adder is heavily wounded.
You feel sick. The adder barely misses you.
You take 2 damage, and have 9/20 hp.
It was a potion of cancellation.
You feel magically purged.
You feel sick. The adder bites you.
* * * LOW HITPOINT WARNING * * *
You take 5 damage, and have 4/20 hp.
MASSIVE DAMAGE!!
It was a potion of haste.
You feel yourself speed up.
* * * LOW HITPOINT WARNING * * *
You feel sick. The adder bites you.
* * * LOW HITPOINT WARNING * * *
The adder bites you.
You die...

.....###+## ...
≈≈≈♣≈......#
...#♣≈[≈.....>.#
##≈≈≈≈♣....≈....#
.≈≈.≈#.........# .. #
. ≈≈≈.≈≈≈≈....##..#
#.#.#♣≈≈.≈.≈..S......
#...♣.♣≈.≈≈..@....#
#.≈♣≈≈≈.≈.......#
#.#..+........+
#.#####.####........#
#.......##########....
#########.....## .#...
........†.....># #.##
....#####......# .
....'..##......#


You could see an adder.

Vanquished Creatures
  An adder (D:2)
  A dart slug (D:1)
  An endoplasm (D:2)
  A giant cockroach (D:1)
  2 quokkas (D:1)
  4 ball pythons
  5 bats (D:1)
  2 frilled lizards (D:1)
  2 kobolds (D:1)
  3 rats
22 creatures vanquished.

Vanquished Creatures (others)
  A plant (D:1)
1 creature vanquished.

Grand Total: 23 creatures vanquished

Notes
Turn   | Place    | Note
-------+----------+-------------------------------------------
     0 | D:1      | gimp the Deep Elf Brigand began the quest for the Orb.
     0 | D:1      | Reached XP level 1. HP: 12/12 MP: 3/3
   138 | D:1      | Reached XP level 2. HP: 15/16 MP: 4/4
   315 | D:1      | Found a faded altar of an unknown god.
   658 | D:2      | Reached XP level 3. HP: 20/20 MP: 5/5
   690 | D:2      | Slain by an adder

Illustrated notes

Levels and vault maps discovered:
D:1:      mushboom_english_gardens, layout_rooms,
          shapermc_ecumenical_altar_hornbeckon
D:2:      layout_basic, chequers_serial_rivers_marsh

Skill      XL: |  1  2 |
---------------+-------+-----
Throwing       | 3 |  3.5
Fighting       | |  1.5
Short Blades   | |  2.0
Dodging        | |  1.2
Stealth        | |  4.8

Action                   || total
-------------------------++-------
Melee: Dagger            ||    59
  Use: Potion            ||     2
 Stab: Sleeping          ||     8
Armor: Robe              ||     9
Dodge: Dodged            ||    36
